 Dungeon Crawl Stone Soup version 0.23.2-40-g277498a001 (webtiles) character file.

Game seed: 3979372032479106715

51 Descartes the Insei (level 3, 0/18 HPs)
             Began as a Vine Stalker Transmuter on Oct 1, 2019.
             Slain by a gnoll
             ... wielding a +0 spear
              (4 damage)
             ... on level 2 of the Dungeon.
             The game lasted 00:05:37 (1275 turns).

Descartes the Insei (Vine Stalker Transmuter)       Turns: 1275, Time: 00:05:38

Health: 0/18       AC:  2    Str: 12    XL:     3   Next: 81%
Magic:  0/8        EV: 12    Int: 14    God:
Gold:   88         SH:  0    Dex: 14    Spells: 6/7 levels left

rFire    . . .     SeeInvis .     - Unarmed
rCold    . . .     Gourm    .   (no shield)
rNeg     . . .     Faith    .   b - +0 robe
rPois    .         Spirit   +   (no helmet)
rElec    .         Reflect  .   (no cloak)
rCorr    .         Harm     .   (no gloves)
MR       .....                  (no boots)
Stlth    ++........             (no amulet)
HPRegen  0.06/turn              (no ring)
MPRegen  0.11/turn              (no ring)

@: no status effects
A: fangs 2, magic shield, antimagic bite, no potion heal 3, rot immunity
a: no special abilities


You were on level 2 of the Dungeon.
You were not hungry.

You visited 1 branch of the dungeon, and saw 2 of its levels.

You collected 88 gold pieces.

Inventory:

Missiles
 a - 12 arrows
 h - 9 stones (quivered)
Armour
 b - a +0 robe (worn)
Jewellery
 c - a +2 ring of intelligence {unknown}
Scrolls
 f - 2 scrolls of teleportation {unknown}
 i - a scroll of enchant weapon {unknown}
 k - a scroll of fog {unknown}
Potions
 e - a potion of lignification {unknown}
 g - a potion of curing {unknown}
 j - 2 potions of brilliance {unknown}
Comestibles
 d - 2 rations


   Skills:
 + Level 1.2 Fighting
 + Level 1.8 Dodging
 + Level 0.9 Stealth
 * Level 3.3 Unarmed Combat
 * Level 2.8 Spellcasting
 * Level 2.5 Transmutations


You had 6 spell levels left.
You knew the following spells:

 Your Spells              Type           Power        Failure   Level  Hunger
a - Beastly Appendage     Tmut           #.....       8%          1    #......

Your spell library contained the following spells:

 Spells                   Type           Power        Failure   Level  Hunger
 Sticks to Snakes         Tmut           #.......     12%         2    ##.....
 Spider Form              Tmut/Pois      #.........   36%         3    ###....
 Ice Form                 Ice/Tmut       #.......     78%         4    #####..
 Blade Hands              Tmut           #.........   91%         5    ######.


Dungeon Overview and Level Annotations

Branches:
Dungeon (2/15)

Altars:


Innate Abilities, Weirdness & Mutations

You have extremely sharp teeth.
When hurt, damage is shared between your health and your magic reserves.
Your bite disrupts and absorbs the magic of your enemies.
Potions cannot restore your health.
You are immune to rotting.


Message History

You closely miss the gnoll.
The gnoll is heavily wounded.
The gnoll hits you.
You hit the gnoll. You headbutt the gnoll.
You kill the gnoll!
The gnoll hits you from afar with a +0 spear.
The gnoll hits you with a +0 spear.
You see here a gnoll corpse.
You hit the gnoll. Your punch misses the gnoll. Your bite misses the gnoll.
The gnoll is moderately wounded.
Your horns disappear.
The gnoll barely misses you.
You hit the gnoll.
The gnoll is heavily wounded.
The gnoll hits you with a +0 spear.
* * * LOW HITPOINT WARNING * * *
You closely miss the gnoll. You bite the gnoll, but do no damage.
The gnoll is heavily wounded.
The gnoll hits you with a +0 spear.
You die...

##
##########
..
#........#
.### #.
#.######.#
.....#. #.#
#.# ....g#:
#.# #.#
....... #@#
#.#
.......##g#
#.#
.....g...g#
#.##
.......####
#..#
#......
##.#
.......
##.##
.>..#..
##...##
...##..
##.....##
##. #..
#.......#


You could see 2 gnolls.

Vanquished Creatures
  A gnoll (D:2)
  An adder (D:2)
  2 dart slugs (D:1)
  A leopard gecko (D:1)
  3 giant cockroaches (D:1)
  3 goblins
  4 jackals
  A ball python (D:1)
  3 bats
  A frilled lizard (D:1)
  6 kobolds (D:1)
  A rat (D:1)
27 creatures vanquished.

Vanquished Creatures (others)
  A frilled lizard (D:2)
1 creature vanquished.

Grand Total: 28 creatures vanquished

Notes
Turn   | Place    | Note
-------+----------+-------------------------------------------
     0 | D:1      | Descartes the Vine Stalker Transmuter began the quest for
                  | the Orb.
     0 | D:1      | Reached XP level 1. HP: 9/9 MP: 4/4
    55 | D:1      | Reached skill level 1 in Fighting
    77 | D:1      | Reached XP level 2. HP: 13/14 MP: 6/6
   624 | D:1      | Reached XP level 3. HP: 18/18 MP: 7/7
  1275 | D:2      | Slain by a gnoll

Skill      XL: |  1 |
---------------+----+-----
Fighting       | 1 |  1.2
Dodging        | |  1.8
Stealth        | |  0.9
Unarmed Combat | |  3.3
Spellcasting   | |  2.8
Transmutations | |  2.5

Action                   || total
-------------------------++-------
Melee: Unarmed           ||    74
       Bite              ||    15
       Punch             ||     1
       Headbutt          ||     1
 Cast: Beastly Appendage ||     1
 Stab: Sleeping          ||     5
  Eat: Chunk             ||     1
Armor: Robe              ||    15
Dodge: Dodged            ||    49
